 Dungeon Crawl Stone Soup version 0.25-a0-834-g55863b0 (webtiles) character file.

Game seed: 6740644762653684655, levelgen mode: deterministic

170 BlueFish the Covered (level 5, -3/47 HPs)
             Began as a Minotaur Fighter on Apr 23, 2020.
             Slain by Sigmund
             ... wielding a +0 scythe
              (6 damage)
             ... on level 2 of the Dungeon.
             The game lasted 00:01:51 (1126 turns).

BlueFish the Covered (Minotaur Fighter)             Turns: 1126, Time: 00:01:52

Health: -3/47      AC:  7    Str: 21    XL:     5   Next: 25%
Magic:  4/4        EV:  9    Int:  5    God:
Gold:   33         SH:  0    Dex: 10    Spells: 4/4 levels left

rFire    . . .     SeeInvis .   a - +0 long sword
rCold    . . .     Gourm    .   (no shield)
rNeg     . . .     Faith    .   b - +0 scale mail
rPois    .         Spirit   .   (helmet restricted)
rElec    .         Reflect  .   (no cloak)
rCorr    .         Harm     .   (no gloves)
MR       .....                  (no boots)
Stlth    ..........             (no amulet)
HPRegen  0.15/turn              (no ring)
MPRegen  0.09/turn              (no ring)

@: mighty
A: retaliatory headbutt, horns 2
a: no special abilities


You were on level 2 of the Dungeon.
You were not hungry.

You visited 1 branch of the dungeon, and saw 2 of its levels.

You collected 33 gold pieces.

Inventory:

Hand Weapons
 a - a +0 long sword (weapon)
Armour
 b - a +0 scale mail (worn)
 c - a +0 kite shield
Scrolls
 j - a scroll of amnesia {unknown}
Potions
 e - 2 potions of ambrosia
 g - a potion of haste {unknown}
 h - a potion of mutation {unknown}
 i - a potion of curing
Comestibles
 f - 2 rations
 k - 7 chunks of flesh


   Skills:
 * Level 4.6 Fighting
 * Level 4.4 Long Blades
 * Level 5.1 Armour
 + Level 0.2 Dodging
 + Level 3.9 Shields


You had 4 spell levels left.
You didn't know any spells.
Your spell library was empty.

Dungeon Overview and Level Annotations

Branches:
Dungeon (2/15)

Altars:

Annotations:
D:2 Sigmund


Innate Abilities, Weirdness & Mutations

You reflexively headbutt those who attack you in melee.
You have a pair of horns on your head.


Message History

Deactivating autopickup; reactivate with Ctrl-A.
The kobold misses you.
You hit the kobold but do no damage. You headbutt the kobold.
You kill the kobold!
You feel less confused.
You hear some strange, mumbled words.
Something tries to affect you, but you resist.
Something hits you.
Things that are here:
a +3 dagger; a +0 short sword; a kobold corpse You feel very mighty all of a sudden.
You hear some strange, mumbled words.
A magic dart appears from out of thin air!
The magic dart hits you!
* * * LOW HITPOINT WARNING * * *
You slash something! Something hits you.
* * * LOW HITPOINT WARNING * * *
You barely miss something. You miss something. Something hits you.
You die...

#. ..:...# #.#
##.......
####..##.......#
..............#
.......#......#
.......#.....##.
......{#........
.......@.......#..
......†(.....##...
.......#.....##>###....
.......#...............
?#####...$.............
#...#.........#....
#................
#..............#
......#..........###.


There were no monsters in sight!

Vanquished Creatures
  An ogre (D:2)
  An orc wizard (D:2)
  2 oozes
  A dart slug (D:1)
  4 leopard geckos (D:1)
  2 orcs (D:2)
  3 bats
  3 giant cockroaches
  4 goblins
  4 hobgoblins
  3 jackals (D:2)
  3 frilled lizards
  4 kobolds
  6 rats
41 creatures vanquished.

Notes
Turn   | Place    | Note
-------+----------+-------------------------------------------
     0 | D:1      | BlueFish the Minotaur Fighter began the quest for the Orb.
     0 | D:1      | Reached XP level 1. HP: 19/19 MP: 0/0
    99 | D:1      | Reached skill level 4 in Armour
   125 | D:1      | Reached XP level 2. HP: 26/27 MP: 1/1
   802 | D:2      | Reached XP level 3. HP: 28/33 MP: 2/2
  1010 | D:2      | Reached XP level 4. HP: 33/40 MP: 3/3
  1071 | D:2      | Noticed an ogre
  1076 | D:2      | Killed an ogre
  1076 | D:2      | Reached skill level 5 in Armour
  1076 | D:2      | Reached XP level 5. HP: 43/47 MP: 4/4
  1106 | D:2      | Noticed Sigmund
  1126 | D:2      | Slain by Sigmund

Levels and vault maps discovered:
D:1:      roderic_chinese_lattice_arrival, layout_basic
D:2:      layout_rooms, chequers_ecumenical_altar_island, uniq_sigmund,
          uniq_crazy_yiuf_cottage, uniq_natasha

Skill      XL: |  1  2  3  4 |
---------------+-------------+-----
Armour         | 4 5 |  5.1
Fighting       | 4 |  4.6
Long Blades    | 3 4 |  4.4
Dodging        | |  0.2
Shields        | |  3.9

Action                   |  1- 3 |  4- 6 || total
-------------------------+-------+-------++-------
Melee: Long sword        |    52 |    25 ||    77
       Headbutt          |     5 |     6 ||    11
  Use: Scroll            |     5 |       ||     5
       Potion            |       |     1 ||     1
  Eat: Chunk             |       |     1 ||     1
Armor: Scale mail        |    35 |    13 ||    48
Dodge: Dodged            |    31 |    14 ||    45
       Rpst.: Long sword |     9 |     2 ||    11

Table legend:
 A = Non-vault XP
 B = Vault XP
 C = Vault XP percentage of total XP
 D = Non-vault monster count
 E = Vault monster count
 F = Vault count percentage of total count
                 A         B        C        D         E       F
            +---------+---------+-------+---------+---------+-------
      Total |     243 |       0 |   0.0 |      41 |       0 |   0.0
            +---------+---------+-------+---------+---------+-------
        D:1 |      40 |       0 |   0.0 |      17 |       0 |   0.0
        D:2 |     203 |       0 |   0.0 |      24 |       0 |   0.0
            +---------+---------+-------+---------+---------+-------
